 Seeded DCSS version 0.30-a0-1016-gfb0d676c02 (webtiles) character file.

Game seed: 13137397067068997422 (custom seed)

162 mistaj the Trooper (level 5, -2/28 HPs)
             Began as a Vine Stalker Fighter on Apr 6, 2023.
             Slain by an ogre
             ... wielding a +0 giant club
              (8 damage)
             ... on level 4 of the Dungeon.
             The game lasted 00:03:19 (2269 turns).

mistaj the Trooper (Vine Stalker Fighter)           Turns: 2269, Time: 00:03:20

Health: -2/28      AC:  7    Str: 21    XL:     5   Next: 43%
Magic:  0/6        EV:  9    Int:  8    God:
Gold:   797        SH:  5    Dex: 13    Spells: 4/4 levels left

rFire   . . .      SeeInvis .    e - +1 lajatang (speed)
rCold   . . .      Faith    .    (shield currently unavailable)
rNeg    . . .      Spirit   +    b - +0 scale mail
rPois   .          Reflect  +    (no helmet)
rElec   .          Rampage  .    (no cloak)
rCorr   .                        (no gloves)
Will    .....                    j - +0 pair of boots Stlth
                                 m - amulet of reflection
HPRegen 1.04/turn                (no ring)
MPRegen 0.10/turn                (no ring)

@: no status effects
A: fangs 2, regeneration 1, magic shield, antimagic bite, no potion heal 2
a: no special abilities


You were on level 4 of the Dungeon.
You visited 1 branch of the dungeon, and saw 4 of its levels.

You collected 797 gold pieces.

Inventory:

Hand Weapons
 e - a +1 lajatang of speed (weapon)
Armour
 b - a +0 scale mail (worn)
 j - a +0 pair of boots (worn)
Jewellery
 m - an amulet of reflection (around neck)
Scrolls
 a - 6 scrolls of identify {unknown}
 h - a scroll of teleportation {unknown}
 i - a scroll of vulnerability {unknown}
 k - 2 scrolls of magic mapping {unknown}
 l - a scroll of poison {unknown}
Potions
 c - a potion of cancellation {unknown}
 d - 2 potions of might
 f - 4 potions of curing {unknown}
 g - 2 potions of mutation {unknown}


   Skills:
 + Level 3.5 Fighting
 - Level 1.8 Axes
 * Level 3.0 Staves
 - Level 2.4 Armour
 + Level 3.5 Shields


You had 4 spell levels left.
You didn't know any spells.
Your spell library contained the following spells:

 Spells                   Type           Power      Damage    Failure   Level
 Beastly Appendage        Tmut           0%         N/A       75%         1
 Freeze                   Ice            0%         1d3       75%         1
 Wereblood                Tmut           0%         N/A       87%         2
 Frozen Ramparts          Ice            0%         1d1       98%         3
 Hailstorm                Conj/Ice       0%         3d3       98%         3
 Spider Form              Tmut/Pois      0%         N/A       98%         3


Dungeon Overview and Level Annotations

Branches:
Dungeon (4/15)
 Temple: D:4-7

Altars:
Ashenzari
Wu Jian


Innate Abilities, Weirdness & Mutations

You have extremely sharp teeth.
Your natural rate of healing is unusually fast.
When hurt, damage is shared between your health and your magic reserves.
Your bite disrupts and absorbs the magic of your enemies.
Potions cannot restore your health.


Message History

Done exploring.
Done exploring.
Done exploring.
There is an ornate altar of the Wu Jian Council here.
You see here a +0 whip.
There is an open door here.
There is a stone staircase leading down here.
You climb downwards.
There is a stone staircase leading up here.
f - 4 lumpy silvery potions (gained 1)
You now have 789 gold pieces (gained 6).
Found a spear.
Found a stone staircase leading down.
You now have 797 gold pieces (gained 8).
There are no items here.
An ogre comes into view. It is wielding a +0 giant club.
The ogre shouts!
The ogre moves out of view.
No target in view!
Found 5 stones.
You barely miss the ogre. You bite the ogre. You drain its power.
The ogre is lightly wounded.
You hit the ogre.
The ogre is moderately wounded.
The ogre hits you with a +0 giant club!!
Ouch! That really hurt!
* * * LOW HITPOINT WARNING * * *
You are too injured to fight recklessly!
You are too injured to fight recklessly!
You are too injured to fight recklessly!
You hit the ogre but do no damage.
The ogre is moderately wounded.
The ogre barely misses you.
You closely miss the ogre. You bite the ogre! You drain its power.
You feel invigorated.
The ogre is heavily wounded.
You hit the ogre.
The ogre is severely wounded.
The ogre hits you with a +0 giant club!
You die...

..............########
............###.###
..................#
..........#.....#.#
P....#P...#######.#
#..P...#..##### .#
#......#......# .#
#..)...#..###.# .#
#.....O@..# .#
P..P...#..# .#
#PP....#..#
###.P#P#.>..
..........## ....
....... ... .####..##
... . (.#


You could see an ogre.

Vanquished Creatures
  Terence (D:3)
  An orc wizard (D:3)
  3 adders
  2 worms
  3 dart slugs
  7 orcs (D:3)
  5 endoplasms
  6 giant cockroaches
  5 goblins
  6 hobgoblins
  10 kobolds
  A quokka (D:1)
  5 ball pythons
  6 bats
  A frilled lizard (D:2)
  3 rats (D:2)
65 creatures vanquished.

Vanquished Creatures (others)
  3 demonic plants (D:3)
3 creatures vanquished.

Grand Total: 68 creatures vanquished

Notes
Turn   | Place    | Note
-------+----------+-------------------------------------------
     0 | D:1      | mistaj the Vine Stalker Fighter began the quest for the
                  | Orb.
     0 | D:1      | Reached XP level 1. HP: 11/11 MP: 2/2
    23 | D:1      | Identified a scroll of acquirement
    23 | D:1      | Acquired a +1 lajatang of speed
    95 | D:1      | Reached XP level 2. HP: 16/16 MP: 3/3
   239 | D:1      | Reached skill level 1 in Staves
   370 | D:1      | Reached XP level 3. HP: 20/20 MP: 4/4
   716 | D:2      | Found Xexamnid's Weapon Shoppe.
   988 | D:2      | Gained mutation: Your natural rate of healing is unusually
                  | fast. [Vine Stalker growth]
   988 | D:2      | Reached XP level 4. HP: 10/24 MP: 3/5
  1256 | D:3      | Noticed Terence
  1261 | D:3      | Killed Terence
  1262 | D:3      | Reached XP level 5. HP: 28/28 MP: 6/6
  1329 | D:3      | Found a broken altar of Ashenzari.
  1377 | D:3      | Acquired 649 gold pieces
  1405 | D:3      | Found a faded altar of an unknown god.
  1417 | D:3      | Found an ornate altar of the Wu Jian Council.
  2263 | D:4      | Noticed an ogre
  2269 | D:4      | Slain by an ogre

Illustrated notes

Levels and vault maps discovered:
D:1:      dpeg_arrival_long_road, layout_basic
D:2:      layout_rooms, serial_shops, nicolae_shop_bloodbath_and_beyond
D:3:      layout_loops_corners, lemuel_round_altar,
          mainiacjoe_overflow_alcove_4, shapermc_ecumenical_altar_gd,
          minmay_misc_feat_roman, uniq_terence
D:4:      cheibrodos_old_hovel, layout_basic, kennysheep_mini,
          nicolae_gozag_cash_rules_everything_around_me, zin_statuary,
          uniq_eustachio, uniq_duvessa, uniq_blork_the_orc, uniq_sigmund

Skill      XL: |  1  2  3  4  5 |
---------------+----------------+-----
Staves         | 1 2 3 |  3.0
Fighting       | 3 |  3.5
Shields        | 3 |  3.5
Axes           | |  1.8
Armour         | |  2.4

Action                     |  1- 3 |  4- 6 || total
---------------------------+-------+-------++-------
  Melee: Lajatang          |   104 |    73 ||   177
         War axe           |     4 |       ||     4
         Bite              |    18 |    16 ||    34
    Use: Scroll            |     1 |     1 ||     2
 Armour: Scale mail        |    51 |    23 ||    74
  Dodge: Dodged            |    54 |    24 ||    78

Table legend: (Time is in decaauts)
 A = Elapsed time spent in this place.
 B = Non-inter-level travel time spent in this place.
 C = Inter-level travel time spent in this place.
 D = Time resting spent in this place.
 E = Time spent auto-exploring this place.
 F = Levels seen in this place.
 G = Mean time per level.
                   A        B        C        D        E       F      G
               +--------+--------+--------+--------+--------+-----+--------+
         Total |   2247 |   2152 |     95 |     19 |   1695 |   4 |  561.8 |
       Dungeon |   2247 |   2152 |     95 |     19 |   1695 |   4 |  561.8 |
               +--------+--------+--------+--------+--------+-----+--------+

Top non-repeatable levels by time:
     D:3: 1129 daAuts
     D:1: 641 daAuts
     D:2: 414 daAuts
     D:4: 62 daAuts
